 Dungeon Crawl Stone Soup version 0.20.1-1-g8b1a95d (webtiles) character file.

28 Roak the Chiller (level 3, 28/28 HPs)
             Began as a Demonspawn Ice Elementalist on Nov 28, 2017.
             Quit the game on level 1 of the Dungeon.
             The game lasted 00:09:00 (1028 turns).

Roak the Chiller (Demonspawn Ice Elementalist)      Turns: 1028, Time: 00:09:01

Health: 28/28      AC:  2    Str:  8    XL:     3   Next: 0%
Magic:  6/6        EV: 12    Int: 17    God:
Gold:   49         SH:  0    Dex: 13    Spells: 2/6 levels left

rFire    . . .     SeeInvis .   b - +0 hunting sling
rCold    . . .     Gourm    .   (no shield)
rNeg     . . .     Faith    .   l - +0 robe
rPois    .         Spirit   .   (no helmet)
rElec    .         Reflect  .   (no cloak)
rCorr    .         Harm     .   (no gloves)
MR       .....                  (no boots)
Stlth    ++........             (no amulet)
Regen    0.1/turn               (no ring)
MPRegen  0.1/turn               (no ring)

@: no status effects
A: claws 2
a: no special abilities


You were on level 1 of the Dungeon.
You were hungry.

You visited 1 branch of the dungeon, and saw 1 of its levels.

You collected 49 gold pieces.

Inventory:

Hand Weapons
 a - a +0 mace
 b - a +0 hunting sling (weapon)
 m - a cursed +0 dagger
Missiles
 d - 43 stones
 g - 6 sling bullets (quivered)
 i - 15 arrows
 o - 13 poisoned needles
Armour
 l - a +0 robe (worn)
Scrolls
 e - 3 scrolls of amnesia {unknown}
 f - a scroll of immolation {unknown}
 q - a scroll of teleportation {unknown}
 s - a scroll of magic mapping {unknown}
Potions
 h - a potion of heal wounds {unknown}
 k - a potion of magic {unknown}
 r - a potion of haste {unknown}
Books
 n - a book of Frost

   Spells                             Type                      Level
   a - Freeze                         Ice                          1
   b - Throw Frost                    Conjuration/Ice              2
   c - Ozocubu's Armour               Charms/Ice                   3
   d - Throw Icicle                   Conjuration/Ice              4
   e - Summon Ice Beast               Ice/Summoning                4
Comestibles
 c - 2 bread rations
 j - a royal jelly
 p - 7 chunks of flesh


   Skills:
 + Level 2.6 Fighting
 - Level 1.7 Dodging
 - Level 1.7 Stealth
 + Level 2.0 Spellcasting
   Level 1.0 Conjurations
 + Level 2.6 Ice Magic


You had 2 spell levels left.
You knew the following spells:

 Your Spells              Type           Power        Failure   Level  Hunger
a - Freeze                Ice            ##..         6%          1    #......
b - Ozocubu's Armour      Chrm/Ice       #.......     32%         3    ###....


Dungeon Overview and Level Annotations

Branches:
Dungeon (1/15)

Altars:


Innate Abilities, Weirdness & Mutations

You have very sharp fingernails.


Message History

Your experience leads to an increase in your attributes!
Increase (S)trength, (I)ntelligence, or (D)exterity?
You feel clever.
Your demonic ancestry asserts itself...
Your fingernails sharpen.
You see here a rat corpse.
You butcher the rat corpse.
p - 4 chunks of flesh (gained 1) Memorise Ozocubu's Armour, consuming 3 spell levels and leaving 2?
You start memorising the spell.
You continue memorising. x3
You finish memorising.
Spell assigned to 'b'.
Okay, then.
Okay, then.
You are feeling hungry.
g - 4 sling bullets (gained 1)
g - 6 sling bullets (gained 2)
There is an open door here.
You see here a goblin corpse.
You butcher the goblin corpse.
p - 7 chunks of flesh (gained 3) Are you sure you want to abandon this character and quit the game? (Confirm with "yes".)

#........#..#.# ##
#.###....#..#.# ###'
#.##..#..#..#.#####...
#.#..##..#..#.....'...
#.#.##...#..#######...
#.#......#..#### #...
#...##.###..#..####...
#..##..# #..#..#......
#..#.@####..#..#......
##...........#..'.....>
#....+.......##.#......
######.....#.#..'......
#.....#.####......
#...).#.# #.....#
#######'#####'####
#.........###'##
#.........#....###


There were no monsters in sight!

Vanquished Creatures
  A leopard gecko (D:1)
  A giant cockroach (D:1)
  2 goblins (D:1)
  6 hobgoblins (D:1)
  2 jackals (D:1)
  3 kobolds (D:1)
  3 bats (D:1)
  2 frilled lizards (D:1)
  6 rats (D:1)
26 creatures vanquished.

Notes
Turn   | Place    | Note
-------+----------+-------------------------------------------
     0 | D:1      | Roak the Demonspawn Ice Elementalist began the quest for the Orb.
     0 | D:1      | Reached XP level 1. HP: 13/13 MP: 3/3
    62 | D:1      | Reached skill level 1 in Fighting
   294 | D:1      | Gained mutation: You have sharp fingernails. [demonic ancestry]
   294 | D:1      | Reached XP level 2. HP: 21/21 MP: 3/5
   994 | D:1      | Gained mutation: You have very sharp fingernails. [demonic ancestry]
   994 | D:1      | Reached XP level 3. HP: 28/28 MP: 4/6
  1002 | D:1      | Learned a level 3 spell: Ozocubu's Armour
  1028 | D:1      | Quit the game

Skill      XL: |  1  2 |
---------------+-------+-----
Fighting       | 1 2 |  2.6
Dodging        | |  1.7
Stealth        | |  1.7
Spellcasting   | |  2.0
Conjurations   | |  1.0
Ice Magic      | |  2.6

Action                   || total
-------------------------++-------
Melee: Mace              ||    16
       Club              ||     3
 Fire: Hunting sling     ||    37
Throw: Stone             ||    21
 Cast: Freeze            ||    15
Armor: Robe              ||     2
Dodge: Dodged            ||    19
